 Dungeon Crawl Stone Soup version 0.32-a0-468-g38b2580584 (webtiles) character file.

Game seed: 4366695157222459778

4113 CougarLife the Geomancer (level 10, -3/50 HPs)
             Began as a Gargoyle Earth Elementalist on Feb 24, 2024.
             Was a Follower of Vehumet.
             Slain by Erica
             ... wielding a +0 scimitar of flaming
              (4 damage)
             ... on level 8 of the Dungeon.
             The game lasted 00:06:39 (7007 turns).

CougarLife the Geomancer (GrEE)                     Turns: 7007, Time: 00:06:40

Health: -3/50      AC: 10    Str: 13    XL:     10   Next: 26%
Magic:  6/22       EV: 14    Int: 19    God:    Vehumet [*.....]
Gold:   549        SH:  0    Dex: 16    Spells: 21/25 levels left

rFire   . . .        F - +1 dagger
rCold   . . .        (no shield)
rNeg    + . .        a - +0 robe
rPois   ∞            B - +0 helmet
rElec   +            (no cloak)
rCorr   .            (no gloves)
SInv    .            (no boots)
Will    .....        (no amulet)
Stlth   ++           m - +6 ring of dexterity
HPRegen 0.28/turn    C - +5 ring of evasion
MPRegen 0.18/turn

%: no passive effects
@: constricted
A: sickness immunity, AC +7, negative energy resistance 1, electricity
resistance, torment resistance 1, petrification resistance
a: Renounce Religion


You were on level 8 of the Dungeon.
You worshipped Vehumet.
Vehumet was aware of your devotion.
You visited 2 branches of the dungeon, and saw 9 of its levels.

You collected 549 gold pieces.

Inventory:

Hand Weapons
 F - a +1 dagger (weapon)
Missiles
 r - a throwing net
Armour
 a - a +0 robe (worn)
 B - a +0 helmet (worn)
Jewellery
 m - a +6 ring of dexterity (left hand)
 C - a +5 ring of evasion (right hand)
Wands
 x - a wand of charming (16)
 y - a wand of quicksilver (7)
 A - a wand of flame (16)
 E - a wand of polymorph (9)
Scrolls
 d - 2 scrolls of silence {unknown}
 f - a scroll of fog {unknown}
 g - 6 scrolls of identify {unknown}
 h - a scroll of blinking {unknown}
 i - a scroll of fear {unknown}
 n - 2 scrolls of butterflies {unknown}
 o - 2 scrolls of immolation {unknown}
 p - a scroll of enchant weapon {unknown}
 s - a scroll of poison {unknown}
 t - a scroll of torment {unknown}
 v - 3 scrolls of noise {unknown}
Potions
 b - 2 potions of magic
 c - a potion of invisibility {unknown}
 e - 3 potions of attraction {unknown}
 j - 3 potions of curing {unknown}
 k - 5 potions of brilliance {unknown}
 l - a potion of berserk rage {unknown}
 q - 2 potions of resistance {unknown}
 u - 2 potions of heal wounds {unknown}
 w - 2 potions of mutation {unknown}
 z - a potion of might {unknown}
 D - a potion of degeneration {unknown}


   Skills:
 - Level 1.5 Dodging
 - Level 2.1 Stealth
 + Level 8.1 Spellcasting
 + Level 9.2 Conjurations
 + Level 10.7 Earth Magic


You had 21 spell levels left.
You knew the following spells:

 Your Spells              Type           Power      Damage    Failure   Level
a - Sandblast             Erth           96%        2d20      1%          1
b - Stone Arrow           Conj/Erth      90%        3d12      1%          3

Your spell library contained the following spells:

 Spells                   Type           Power      Damage    Failure   Level
 Magic Dart               Conj           100%       1d8       1%          1
 Passwall                 Erth           48%        N/A       1%          3
 Brom's Barrelling Bould  Conj/Erth      45%        2d6       1%          4
 Petrify                  Alch/Erth      28%        N/A       10%         4
 Call Canine Familiar     Summ           7%         N/A       26%         3
 Ozocubu's Armour         Ice            7%         N/A       26%         3
 Sigil of Binding         Hex            7%         N/A       26%         3
 Dimensional Bullseye     Hex/Tloc       3%         N/A       65%         4
 Metabolic Englaciation   Hex/Ice        3%         N/A       94%         5
 Sculpt Simulacrum        Ice/Alch       3%         N/A       100%        6


Dungeon Overview and Level Annotations

Branches:
Dungeon (8/15)             Temple (1/1) D:5
   Lair: D:8-11

Altars:
Ashenzari
Cheibriados
Dithmenos
Elyvilon
Fedhas
Gozag
Hepliaklqana
Kikubaaqudgha
Makhleb
Nemelex Xobeh
Okawaru
Ru
Sif Muna
Trog
Uskayaw
Vehumet
Wu Jian
Xom
Yredelemnul
Zin
The Shining One

Shops:
D:3 [   D:5 (

Portals:
Abyss: D:3

Annotations:
D:3 2 transporters, dogverified's ghost, amateur TrBe
D:4 2 transporters, Krumphau's ghost, amateur DsMo
D:8 Erica


Innate Abilities, Weirdness & Mutations

You are immune to sickness and miasma.
Your stone body is resilient. (AC +7)
You are immune to poison.
You resist negative energy. (rN+)
You are resistant to electric shocks. (rElec)
You are resistant to unholy torment.
You are immune to petrification.


Message History

Press: ? - help, Shift-Dir - straight line Something hits you!
Something burns you. Something barely misses you.
Casting: Stone Arrow (safe; 1% risk of failure)
Confirm with . or Enter, or press ? or * to list all spells.
Aiming: Stone Arrow (safe; 1% risk of failure)
Press: ? - help, Shift-Dir - straight line Something hits you.
Something burns you. Something grabs you.
You are constricted.
Casting: Stone Arrow (safe; 1% risk of failure)
Confirm with . or Enter, or press ? or * to list all spells.
Aiming: Stone Arrow (safe; 1% risk of failure)
Press: ? - help, Shift-Dir - straight line The stone arrow hits something!
Something hits you! Something burns you.
You are constricted.
Casting: Stone Arrow (safe; 1% risk of failure)
Confirm with . or Enter, or press ? or * to list all spells.
Aiming: Sandblast (safe; 1% risk of failure)
Press: ? - help, Shift-Dir - straight line The blast of sand hits something!
Something hits you but does no damage.
You are constricted.
Something barely misses you.
You are constricted.
Casting: Sandblast (safe; 1% risk of failure)
Confirm with . or Enter, or press ? or * to list all spells.
You don't know that spell.
Okay, then.
Unknown command.
Casting: Sandblast (safe; 1% risk of failure)
Confirm with . or Enter, or press ? or * to list all spells.
Aiming: Sandblast (safe; 1% risk of failure)
Press: ? - help, Shift-Dir - straight line Something hits you.
Something burns you.
* * * LOW HITPOINT WARNING * * *
You are constricted.
Casting: Sandblast (safe; 1% risk of failure)
Confirm with . or Enter, or press ? or * to list all spells.
Aiming: Sandblast (safe; 1% risk of failure)
Press: ? - help, Shift-Dir - straight line The blast of sand hits something!
Something hits you!
* * * LOW HITPOINT WARNING * * *
Something burns you.
You die...

#.P..# #.P..#
#.P..# #....##
#.....# #.#.#.###
# #.#.#...# ...
#.#.###.####.....
#.#.# #..@{).....
..# #####......
..# ..... _.#
.... ... .. .


There were no monsters in sight!

Vanquished Creatures
  A two-headed ogre (D:7)
  A deep elf pyromancer (D:7)
  A hornet (D:7)
  Grinder (D:5)
  Sigmund (D:6)
  A shadow (D:7)
  A vampire mosquito (D:7)
  3 water moccasins
  3 sky beasts (D:7)
  A black bear (D:7)
  3 ogres
  A centaur (D:5)
  2 phantoms
  3 bullfrogs (D:7)
  A gnoll sergeant (D:7)
  A scorpion (D:6)
  5 wights (D:7)
  3 howler monkeys (D:7)
  A bombardier beetle (D:5)
  A jelly (D:4)
  A hound (D:4)
  2 orc priests
  3 sleepcaps
  2 orc wizards
  6 gnolls
  3 adders
  2 ufetubi (D:5)
  2 dart slugs
  18 orcs
  8 bats
  4 endoplasms
  2 giant cockroaches
  A goblin (D:3)
  7 hobgoblins
  3 jackals (D:5)
  4 ball pythons
  3 frilled lizards
  6 kobolds
  4 rats
116 creatures vanquished.

Notes
Turn   | Place    | Note
-------+----------+-------------------------------------------
     0 | D:1      | CougarLife the Gargoyle Earth Elementalist began the quest
                  | for the Orb.
     0 | D:1      | Reached XP level 1. HP: 10/10 MP: 3/3
    92 | D:1      | Reached XP level 2. HP: 15/15 MP: 0/5
   337 | D:1      | Reached skill level 4 in Earth Magic
   846 | D:2      | Reached XP level 3. HP: 19/19 MP: 3/6
  1527 | D:3      | Noticed dogverified's ghost (amateur TrBe)
  1543 | D:3      | Found a one-way gate to the infinite horrors of the Abyss.
  1552 | D:3      | Found a transporter.
  1577 | D:3      | Found Hoij's Armour Emporium.
  1583 | D:3      | Found a faded altar of an unknown god.
  1642 | D:3      | Found a transporter.
  1693 | D:3      | Found a broken altar of Ashenzari.
  1831 | D:3      | Reached XP level 4. HP: 24/24 MP: 6/8
  1905 | D:3      | Noticed a small abomination
  2173 | D:3      | Learned a level 3 spell: Stone Arrow
  2191 | D:4      | Reached XP level 5. HP: 28/28 MP: 7/9
  2282 | D:4      | Reached skill level 5 in Earth Magic
  2363 | D:4      | Found a transporter.
  2364 | D:4      | Noticed Krumphau's ghost (amateur DsMo)
  2365 | D:4      | Found a transporter.
  2367 | D:4      | Identified the +0 giant spiked club "Fevio" {freeze, rElec
                  | MP-9 Dex+5}
  2367 | D:4      | Noticed an ogre
  2418 | D:4      | Noticed a water moccasin
  2422 | D:4      | Killed a water moccasin
  2423 | D:4      | Reached XP level 6. HP: 32/32 MP: 6/11
  2825 | D:5      | Entered Level 5 of the Dungeon
  2897 | D:5      | Found a snail-covered altar of Cheibriados.
  2911 | D:5      | Found a shimmering blue altar of Sif Muna.
  3007 | D:5      | Reached skill level 6 in Earth Magic
  3007 | D:5      | Reached XP level 7. HP: 25/36 MP: 8/13
  3238 | D:5      | Noticed Grinder
  3245 | D:5      | Killed Grinder
  3314 | D:5      | Found a staircase to the Ecumenical Temple.
  3332 | D:5      | Found an opulent altar of Gozag.
  3364 | D:5      | Found Bioroxi's Antique Weapon Emporium.
  3397 | Temple   | Entered the Ecumenical Temple
  3405 | Temple   | Became a worshipper of Vehumet
  3616 | D:5      | Reached skill level 5 in Conjurations
  4429 | D:6      | Noticed Sigmund
  4540 | D:6      | Found a faded altar of an unknown god.
  4541 | D:6      | Found a hazy altar of Hepliaklqana.
  4566 | D:6      | Killed Sigmund
  4567 | D:6      | Reached skill level 5 in Spellcasting
  4567 | D:6      | Reached skill level 7 in Earth Magic
  4567 | D:6      | Reached XP level 8. HP: 26/41 MP: 3/15
  5419 | D:7      | Found a blossoming altar of Fedhas.
  5419 | D:7      | Noticed a hornet
  5420 | D:7      | Found a basalt altar of Yredelemnul.
  5559 | D:7      | Reached skill level 8 in Earth Magic
  5640 | D:7      | Reached XP level 9. HP: 45/45 MP: 16/18
  5761 | D:7      | Found a white marble altar of Elyvilon.
  5849 | D:7      | Reached skill level 9 in Earth Magic
  6121 | D:7      | Noticed a deep elf pyromancer
  6121 | D:7      | Noticed a two-headed ogre
  6131 | D:7      | Killed a deep elf pyromancer
  6131 | D:7      | Reached * piety under Vehumet
  6131 | D:7      | Offered knowledge of Magic Dart by Vehumet.
  6219 | D:7      | Killed a two-headed ogre
  6220 | D:7      | Reached skill level 10 in Earth Magic
  6220 | D:7      | Reached XP level 10. HP: 37/50 MP: 2/21
  6987 | D:8      | Found an ancient bone altar of Kikubaaqudgha.
  6993 | D:8      | Noticed Erica
  7007 | D:8      | HP: 1/50 [something (13)]
  7007 | D:8      | Slain by Erica

Illustrated notes

Levels and vault maps discovered:
D:1:      amcnicky_arrival_underground_garden, layout_rooms
D:2:      layout_loops_corners
D:3:      layout_rooms, cheibrodos_ashenzari_chains, serial_shops, shop,
          dreamdust_ecumenical_altar_statues, gammafunk_ghost_abyssal_escape
D:4:      layout_rooms, gammafunk_ghost_smash
D:5:      layout_loops_ring, nicolae_gozag_cash_rules_everything_around_me,
          nicolae_overflow_squiral, minmay_temple_entry_statues_pillars,
          serial_shops, nicolae_shop_rolling_square, uniq_grinder
D:6:      layout_layer_cave, beargit_hepliaklqana_dungeon_heroes,
          item_on_display_a
D:7:      layout_loops_ring, mainiacjoe_overflow_paths, jmf_multi_god_temple,
          kb_rosetta
D:8:      layout_rooms, nicolae_qazlal_scattered_showers,
          mainiacjoe_overflow_boulevard, hangedman_feature_mirror,
          minmay_microvault, uniq_erica, uniq_maurice
Temple:   nicolae_temple_no_exploring_needed

Skill      XL: |  1  2  3  4  5  6  7  8  9 10 |
---------------+-------------------------------+-----
Earth Magic    | 4 5 6 7 8 10 | 10.7
Conjurations   | 2 3 4 5 7 8 9 |  9.2
Spellcasting   | 3 4 5 6 7 8 |  8.1
Dodging        | |  1.5
Stealth        | |  2.1

Action                     |  1- 3 |  4- 6 |  7- 9 | 10-12 || total
---------------------------+-------+-------+-------+-------++-------
  Melee: Unarmed           |     1 |       |       |       ||     1
         Dagger            |     3 |     9 |       |     2 ||    14
   Cast: Sandblast         |    45 |    47 |    74 |    30 ||   196
         Stone Arrow       |       |       |    23 |    10 ||    33
    Use: Potion            |       |       |       |     1 ||     1
 Armour: Robe              |     8 |    33 |    33 |    28 ||   102
  Dodge: Dodged            |    12 |    27 |    32 |    27 ||    98

Table legend: (Time is in decaauts)
 A = Elapsed time spent in this place.
 B = Non-inter-level travel time spent in this place.
 C = Inter-level travel time spent in this place.
 D = Time resting spent in this place.
 E = Time spent auto-exploring this place.
 F = Levels seen in this place.
 G = Mean time per level.
                   A        B        C        D        E       F      G
               +--------+--------+--------+--------+--------+-----+--------+
         Total |   7104 |   6822 |    282 |    996 |   4942 |   9 |  789.3 |
       Dungeon |   7087 |   6819 |    268 |    996 |   4942 |   8 |  885.9 |
        Temple |     16 |      2 |     14 |      0 |      0 |   1 |   16.0 |
               +--------+--------+--------+--------+--------+-----+--------+

Top non-repeatable levels by time:
     D:6: 1554 daAuts
     D:7: 1364 daAuts
     D:5: 1145 daAuts
     D:2: 977 daAuts
     D:3: 716 daAuts
     D:1: 599 daAuts
     D:4: 574 daAuts
     D:8: 156 daAuts
  Temple: 16 daAuts
